 Dungeon Crawl Stone Soup version 0.17.1-3-g152610e (webtiles) character file.

3168240 Starve the Slayer (level 27, 218/229 HPs)
             Began as a Demonspawn Assassin on Mar 2, 2016.
             Was the Champion of Ashenzari.
             Escaped with the Orb
             ... and 5 runes on Mar 4, 2016!
             The game lasted 03:34:03 (73073 turns).

Starve the Slayer (Demonspawn Assassin)            Turns: 73073, Time: 03:34:03

Health: 218/229    AC: 36    Str: 24    XL:     27
Magic:  51/53      EV: 23    Int: 27    God:    Ashenzari [******]
Gold:   3999       SH: 15    Dex: 21    Spells: 10 memorised, 14 levels left

rFire  + + .     SeeInvis +     Z - +11 broad axe "Orionwac" {flame, Str+2} (curse)
rCold  . . .     Clarity  +     p - +8 chain mail of Contentment {rC- rN+ MP+9 Int+4} (curse)
rNeg   + + .     SustAt   .     D - +0 shield of Negation {Int+3} (curse)
rPois  +         Gourm    .     (helmet unavailable)
rElec  +         Spirit   +     I - +2 cloak {MR+} (curse)
rCorr  .         Warding  .     w - +0 pair of gloves of Gexkimo {rElec Str+3 Int+6} (curse)
rMut   +         Stasis   .     x - +1 pair of boots (curse)
MR     ++...                    s - amulet of resist mutation
Stlth  +.........               y - ring "Dacwias" {rF+ rN+ MR- Dex+2} (curse)
                                P - ring "Mekes" {Wiz rPois rF+} (curse)

@: contaminated, glowing, deflect missiles, very resistant to hostile
enchantments, very unstealthy
A: antennae 3, hooves 1, rugged brown scales 3, camouflage 1, see invisible,
clarity, clever 1, clumsy 1, cold resistance 1, frail 1, passive freeze, poison
resistance, electricity resistance, spiny 3, spit poison 1, magic shield, magic
regeneration, magic link, no device heal 1, freezing cloud immunity
a: Spit Poison, Scrying, Transfer Knowledge, Renounce Religion
0: Orb of Zot
}: 5/15 runes: serpentine, barnacled, slimy, silver, abyssal


You escaped.
You worshipped Ashenzari.
Ashenzari was exalted by your worship.
You were hungry.

You visited 14 branches of the dungeon, and saw 65 of its levels.
You visited the Abyss 3 times.
You visited 2 bazaars.
You visited 1 ziggurat, and saw 7 of its levels.
You also visited: Bailey, Ice Cave and Wizlab.

You collected 11921 gold pieces.
You spent 7922 gold pieces at shops.

Inventory:

Hand Weapons
 Z - the cursed +11 broad axe "Orionwac" (weapon) {flame, Str+2}
   (You found it on level 5 of the Depths)

   It has been specially enchanted to burn those struck by it, causing extra
   injury to most foes and up to half again as much damage against particularly
   susceptible opponents.
   Big, fiery blades are also staple armaments of hydra-hunters.
   It affects your strength (+2).
   It has a curse placed upon it.
Missiles
 o - 9 throwing nets (quivered)
Armour
 p - the cursed +8 chain mail of Contentment (worn) {rC- rN+ MP+9 Int+4}
   (You found it on level 5 of the Dungeon)

   It affects your intelligence (+4).
   It makes you vulnerable to cold.
   It protects you from negative energy.
   It affects your magic capacity (+9).
   It has a curse placed upon it.
 w - the cursed +0 pair of gloves of Gexkimo (worn) {rElec Str+3 Int+6}
   (You bought it in a shop on level 4 of the Orcish Mines)

   It affects your strength (+3).
   It affects your intelligence (+6).
   It insulates you from electricity.
   It has a curse placed upon it.
 x - a cursed +1 pair of boots (worn)
 D - the cursed +0 shield of Negation (worn) {Int+3}
   (You bought it in a shop on level 4 of the Orcish Mines)

   It affects your intelligence (+3).
   It has a curse placed upon it.
 I - a cursed +2 cloak of magic resistance (worn)
Rods
 l - a +5 rod of inaccuracy (14/14)
   (You took it off a deep elf annihilator on level 3 of the Elven Halls)
Jewellery
 h - an uncursed amulet of warding
 s - an amulet of resist mutation (around neck)
 y - the cursed ring "Dacwias" (right hand) {rF+ rN+ MR- Dex+2}
   (You took it off a merfolk on level 4 of the Shoals)

   [ring of dexterity]

   It affects your dexterity (+2).
   It protects you from fire.
   It protects you from negative energy.
   It affects your resistance to hostile enchantments.
   It has a curse placed upon it.
 K - the ring "Jyucejis" {+Inv rC+ MP+9 Str+4 Int+3}
   (You found it on level 6 of the Pits of Slime)

   [ring of intelligence]

   It affects your strength (+4).
   It affects your intelligence (+3).
   It protects you from cold.
   It affects your magic capacity (+9).
   It lets you turn invisible.
 L - an uncursed amulet of resist corrosion
 P - the cursed ring "Mekes" (left hand) {Wiz rPois rF+}
   (You took it off a tengu warrior on level 2 of the Depths)

   [ring of wizardry]

   It improves your spell success rate.
   It protects you from fire.
   It protects you from poison.
   It has a curse placed upon it.
Wands
 a - a wand of teleportation (5)
 b - a wand of digging (16)
 j - a wand of disintegration (5)
 v - a wand of heal wounds (6)
Scrolls
 f - 8 scrolls of enchant weapon
 i - 19 scrolls of curse armour
 t - 11 scrolls of curse weapon
 A - a scroll of curse jewellery
 B - 60 scrolls of identify
 C - 6 scrolls of fog
 F - 12 scrolls of remove curse
 G - 9 scrolls of amnesia
 H - a scroll of recharging
 J - 4 scrolls of silence
 N - a scroll of summoning
 Q - 2 scrolls of magic mapping
 S - 5 scrolls of fear
 V - a scroll of teleportation
Potions
 d - 5 potions of magic
 n - 4 potions of brilliance
 q - 4 potions of flight
 z - 25 potions of curing
 O - a potion of resistance
 R - 3 potions of cancellation
 X - a potion of haste
Miscellaneous
 e - a phial of floods
 m - a lamp of fire
Comestibles
 c - 15 meat rations
 g - 40 bread rations
 k - 12 royal jellies
 u - 30 fruits


   Skills:
 * Level 23.9 Fighting
   Level 8.8(10.5) Short Blades
   Level 9.3(10.8) Long Blades
 - Level 13.3(18.6) Axes
 - Level 11.9(14.3) Maces & Flails
 - Level 1.7 Throwing
 - Level 17.9(22.8) Armour
 * Level 17.8 Dodging
 - Level 8.6 Stealth
 - Level 12.6(15.3) Shields
 - Level 17.0 Spellcasting
 - Level 3.3(6.0) Hexes
 - Level 13.0(15.6) Charms
 * Level 13.6(16.2) Translocations
 - Level 13.4(16.0) Air Magic


You had 14 spell levels left.
You knew the following spells:

 Your Spells              Type           Power        Failure   Level  Hunger
a - Silence               Hex/Air        ######....   1%          5    None
b - Deflect Missiles      Chrm/Air       #######...   1%          6    ###....
c - Haste                 Chrm           #######.     1%          6    ###....
d - Regeneration          Chrm/Necr      ######....   1%          3    None
e - Control Undead        Necr           ####......   26%         4    None
f - Apportation           Tloc           #######...   0%          1    None
g - Invisibility          Hex            ######..     50%         6    ###....
h - Controlled Blink      Tloc           N/A          24%         8    ######.
i - Phase Shift           Tloc           #######...   1%          5    None
j - Blink                 Tloc           N/A          0%          2    None


Dungeon Overview and Level Annotations

Branches:
Dungeon (15/15)            Temple (1/1) D:6            Lair (8/8) D:10
 Shoals (4/4) Lair:3        Snake (4/4) Lair:6        Slime (6/6) Lair:8
    Orc (4/4) D:12            Elf (3/3) Orc:4        Vaults (5/5) D:13
  Crypt (3/3) Vaults:3       Tomb (1/3) Crypt:3      Depths (5/5) D:15
   Hell (1/1)                 Dis (0/7) Hell            Geh (0/7) Hell
    Coc (0/7) Hell            Tar (0/7) Hell            Zot (5/5) Depths:5

Altars:
Ashenzari
Cheibriados
Dithmenos
Elyvilon
Fedhas
Gozag
Kikubaaqudgha
Makhleb
Nemelex Xobeh
Okawaru
Qazlal
Ru
Sif Muna
Trog
Vehumet
Xom
Yredelemnul
Zin
The Shining One
Beogh
Jiyva

Shops:
D:14 *   D:15 (   Orc:1 [   Orc:2 }   Orc:3 }(*   Orc:4 [*(=%   Elf:2 !
Snake:4 =   Depths:1 :(*}[

Portals:
Hell: Lair:8 Depths:1 Depths:2 Depths:3 Depths:4 Depths:5
Abyss: Depths:1 Depths:3 Depths:4
Pandemonium: Depths:2 Depths:3

Annotations:
D:7 2 runed doors
Lair:4 exclusion: oklob plant
Slime:4 Dissolution
Elf:2 3 runed doors
Crypt:2 Frederick


Innate Abilities, Weirdness & Mutations

You have a pair of large antennae on your head (SInv).
You are completely covered in rugged brown scales (AC +3, +7% HP).
Your flesh is cold resistant.
A frigid envelope surrounds you and freezes all who hurt you.
You are completely covered in sharp spines.
When hurt, damage is shared between your health and your magic reserves.
You regenerate magic rapidly.
When low on magic, you restore magic in place of health.
You are immune to freezing clouds.
You have large cloven feet.
Your skin changes colour to match your surroundings (Stealth).
You have supernaturally acute eyesight.
You possess an exceptional clarity of mind.
Your mind is acute. (Int +2)
You are clumsy. (Dex -2)
You are frail (-10% HP).
Your system is resistant to poisons.
You are resistant to electric shocks.
You can spit weak poison.
Potions and wands are less effective at restoring your health.


Message History

Unknown command.
Unknown command.
Your skin stops crawling.
Your extra speed is starting to run out.
Xiceats comes into view.
Xiceats gestures.
There is a staircase leading out of the dungeon here.
Xiceats gestures at you.
You fall asleep.
You hear a grinding noise. x2
You feel yourself slow down.
The tarantella is struck by your spines.
The tarantella closely misses you.
Xiceats gestures.
The tarantella is struck by your spines.
The tarantella bites you!
You wake up.
The tarantella is very cold.
You kill the tarantella!
The tarantella's corpse disappears in a puff of smoke!
You hear a grinding noise.
You have escaped!

.........# ##(......## #....#..#.
.........###.........###....##...
.........##...........##...####..
..(.....#[...†..(.......#...#....
.........##..........)##.......>#
.........###.........###......#..
.........# ##.......## #...>###..
#..#.#...###############....##...
##.#...#........@........#.......
##.#..##..............)..#.......
##....####.#####.#########.......
#..#.# #.##{..&.## #.......
#..#.# ##.#...s...## #.......
#..#.###.......s4..# #.###.##
#.....#......[.....# #.###.#
#.##..(....{.......# #.#...#
#.##.##(..)........# ##...###


You could see Xiceats, a blue devil, a jumping spider and a redback.

Vanquished Creatures
  the royal jelly (Slime:6)
  4 ancient liches
  2 orbs of fire (Zot:5)
  A pandemonium lord (D:15)
  Mara (Depths:4)
  Sojobo (Depths:4)
  7 greater mummies
  Margery (Depths:5)
  Vashnia (Snake:4)
  A Killer Klown (Zot:5)
  A curse toe (Zot:5)
  Geryon (Hell)
  14 golden dragons
  Xtahua (Depths:4)
  2 bone dragons
  An electric golem (Zot:5)
  2 hellephants (Abyss:4)
  Jorgrun (Vaults:1)
  Rupert (Orc:2)
  21 Orb Guardians
  15 tentacled monstrosities
  A Hell Sentinel (Abyss:4)
  An Ice Fiend (IceCv)
  Asterion (Elf:1)
  9 liches
  5 titans (Vaults:5)
  2 deep elf master archers (Elf:3)
  11 acid blobs
  3 deep elf blademasters
  Gastronok (Orc:2)
  9 sphinxes
  Agnes (Vaults:3)
  Frances (Elf:1)
  2 tentacled starspawn (Abyss:4)
  13 storm dragons
  Kirke (Lair:8)
  4 ancient champions
  4 death cobs
  7 shadow dragons
  3 draconian monks
  13 greater nagas
  4 revenants
  8 tengu reavers
  3 azure jellies (Slime:6)
  2 daevas (Abyss:1)
  The ghost of KrozogBurug the Destroyer, a journeyman OgWz of Sif Muna (Elf:1)
  Ilsuiw (Shoals:4)
  7 fire giants
  7 deep elf sorcerers
  8 frost giants
  4 draconian knights (Zot:4)
  A balrug (Abyss:4)
  2 iron dragons
  4 ghost moths
  Louise (Elf:1)
  10 vault wardens
  2 curse skulls
  3 draconian scorchers
  2 ghouls
  An orc warlord (Orc:3)
  3 draconian shifters
  2 cacodemons
  4 war gargoyles
  22 very ugly things
  2 draconian annihilators
  2 orange crystal statues
  3 spriggan defenders
  12 ironheart preservers
  25 stone giants
  5 reapers
  5 green draconians
  2 salamander firebrands (Hell)
  7 deep elf demonologists
  9 black draconians
  9 vampire knights
  A lorocyproca (Abyss:1)
  7 white draconians
  12 deep elf annihilators
  10 purple draconians
  5 red draconians
  9 yellow draconians
  2 dire elephants (Lair:8)
  11 mottled draconians
  4 salamander stormcallers
  3 eidola
  15 ettins
  Snorg (Lair:8)
  7 merfolk impalers
  9 deep elf death magi
  A green death (Zig:5)
  15 jiangshi
  15 fire dragons
  3 merfolk javelineers (Shoals:4)
  7 death oozes (Slime:6)
  9 great orbs of eyes
  22 vault guards (Vaults:5)
  3 mummy priests
  3 blizzard demons
  Josephine (Orc:3)
  A quicksilver dragon zombie (Crypt:1)
  22 yaktaur captains
  3 rakshasas
  Harold (D:11)
  A quicksilver dragon skeleton (Zig:6)
  15 centaur warriors
  5 deep elf high priests
  19 ice dragons
  5 entropy weavers
  A hydra (shapeshifter) (Depths:2)
  7 hydras
  16 naga warriors
  A death knight (Crypt:2)
  5 spriggan air magi
  An alligator snapping turtle (Shoals:1)
  21 large abominations
  13 anacondas
  5 dancing weapons
  2 merfolk avatars (Shoals:4)
  5 merfolk aquamancers
  11 death yaks
  An alligator (Zig:5)
  16 ogre magi
  A satyr (Shoals:2)
  2 anacondas (shapeshifter) (Vaults:5)
  10 thrashing horrors
  5 vampire magi
  6 hell hogs
  4 orc high priests
  9 shock serpents
  5 tengu warriors
  24 naga sharpshooters
  12 deep troll earth magi
  12 deep troll shamans
  4 spriggan berserkers
  4 titan zombies
  4 iron golems (Hell)
  Sonja (Lair:1)
  The ghost of azazzel4ik the Zephyrmancer, a novice HEAE (Bailey)
  4 sun demons
  5 soul eaters
  12 deep elf knights
  13 small abominations
  6 wretched stars
  5 death scarabs (Tomb:1)
  2 salamander mystics
  24 skeletal warriors
  A fire crab (Vaults:1)
  5 shadow wraiths
  35 hell knights
  4 iron trolls
  A spatial maelstrom (Abyss:4)
  15 sea snakes
  10 ice devils
  3 unseen horrors
  2 shadow demons
  14 starcursed masses
  2 kraken simulacra
  An anaconda zombie (Hell)
  3 anubis guards (Tomb:1)
  8 flayed ghosts (Crypt:3)
  A shambling mangrove (Zig:5)
  27 deep trolls
  20 phantasmal warriors
  12 deep elf summoners
  8 naga ritualists
  4 giant orange brains
  10 ironbrand convokers
  6 wizards
  An anaconda skeleton (Hell)
  3 wolf spider zombies (Crypt:1)
  73 ugly things
  15 harpies
  3 golden dragon skeletons
  4 orc sorcerers
  16 deep elf conjurers
  4 hill giants
  2 shadow dragon zombies (Crypt:1)
  12 necromancers
  A mana viper (shapeshifter) (Depths:3)
  10 salamanders
  15 orc knights
  A harpy (shapeshifter) (Elf:3)
  15 mana vipers
  2 cyclopes
  2 worldbinders (Abyss:4)
  8 fauns
  A shadow dragon skeleton (Crypt:2)
  3 water nymphs
  2 wolf spiders
  A wolf spider (shapeshifter) (Elf:2)
  16 griffons
  23 moths of wrath
  A fire giant zombie (Hell)
  A salamander (shapeshifter) (Vaults:3)
  2 frost giant zombies
  An elephant (shapeshifter) (Vaults:5)
  12 manticores
  A shining eye (Slime:2)
  5 fire giant skeletons (Crypt:3)
  An iron dragon skeleton (Crypt:3)
  49 black mambas
  Maurice (D:9)
  A stone giant skeleton (Crypt:1)
  A guardian serpent (shapeshifter) (Vaults:3)
  5 elephants (Lair:4)
  8 spiny frogs
  5 rust devils
  A black mamba (shapeshifter) (Depths:3)
  16 naga magi
  2 sixfirhies
  3 apocalypse crabs
  5 ice statues
  17 vault sentinels
  A titan simulacrum (Crypt:2)
  A torpor snail (Lair:8)
  9 sirens
  9 komodo dragons
  3 human zombies
  A dire elephant zombie (Crypt:1)
  A torpor snail (shapeshifter) (Depths:4)
  5 gargoyles
  14 guardian serpents
  5 smoke demons
  6 fire drakes
  A catoblepas zombie (Crypt:1)
  A komodo dragon (shapeshifter) (Elf:3)
  A queen bee (Orc:3)
  69 yaktaurs
  A yaktaur zombie (Hell)
  3 anaconda simulacra
  6 kobold demonologists
  6 orange demons
  A demonic crawler (Hell)
  7 trolls
  A yaktaur skeleton (Vaults:1)
  An efreet (D:14)
  2 hydra zombies (Hell)
  2 hellwings
  2 tormentors
  A golden dragon simulacrum (IceCv)
  7 red devils
  3 tengu conjurers
  A red draconian skeleton (Crypt:1)
  6 guardian mummies
  4 ancient zymes
  2 harpy zombies
  A queen bee (shapeshifter) (Elf:3)
  12 freezing wraiths
  2 wind drakes (shapeshifter)
  12 deep elf priests
  42 merfolk
  11 two-headed ogres
  A polar bear (Lair:7)
  A jumping spider (Vaults:4)
  3 wind drakes
  11 blink frogs
  A blink frog (shapeshifter) (Vaults:5)
  18 blue devils
  3 boulder beetles
  A tengu simulacrum (Zig:7)
  A hydra skeleton (Crypt:3)
  6 raiju
  3 ettin zombies
  An ice dragon zombie (Crypt:3)
  66 slime creatures
  10 snapping turtles
  A bog body (Zig:5)
  A spriggan zombie (Hell)
  2 ushabtiu (Tomb:1)
  An alligator zombie (Hell)
  20 deep elf magi
  12 fire dragon skeletons
  A stone giant simulacrum (Vaults:2)
  An ice dragon skeleton (Crypt:2)
  8 shadows
  20 redbacks
  A ynoxinul (Abyss:1)
  18 water elementals
  6 air elementals
  12 wraiths
  A human (D:13)
  A centaur simulacrum (D:15)
  2 tarantellas (Vaults:4)
  6 spriggans
  53 yaks
  A hippogriff (shapeshifter) (Depths:3)
  3 wyverns
  10 vampires
  4 hungry ghosts
  8 flying skulls
  A fire elemental (Lair:8)
  6 hogs
  A fire bat (Abyss:1)
  7 neqoxecs
  17 vampire mosquitoes
  5 basilisks
  5 golden eyes
  2 steam dragons (Lair:8)
  30 deep elf fighters
  A hog (shapeshifter) (Depths:1)
  8 hippogriffs
  14 chaos spawn
  3 human simulacra
  A dire elephant simulacrum (IceCv)
  Menkaure (D:5)
  An iron troll simulacrum (IceCv)
  51 nagas
  5 mottled dragons
  A catoblepas simulacrum (Abyss:4)
  8 hell hounds
  3 harpy simulacra (IceCv)
  7 wargs
  11 porcupines
  A spiny frog zombie (Hell)
  Duvessa (D:6)
  17 water moccasins
  42 orc warriors
  4 soldier ants
  4 sky beasts
  A phantom (D:5)
  A snapping turtle zombie (Crypt:1)
  A black bear (shapeshifter) (Vaults:4)
  3 hydra simulacra
  A necrophage (D:10)
  3 eyes of draining
  2 sky beasts (shapeshifter)
  A black bear (Lair:5)
  An ice beast (D:6)
  6 big kobolds
  6 human skeletons
  38 ogres
  A snapping turtle skeleton (Crypt:3)
  9 wasps
  19 centaurs
  15 crocodiles
  17 boggarts
  A brain worm (shapeshifter) (Vaults:5)
  24 giant frogs
  A spider zombie (Crypt:2)
  7 gnoll sergeants (Bailey)
  Dowan (D:6)
  A spiny frog simulacrum (Hell)
  An earth elemental (Abyss:4)
  A warg skeleton (Crypt:1)
  3 scorpions
  21 wights
  A hippogriff skeleton (Crypt:1)
  4 quasits
  6 centaur zombies
  21 jellies
  34 killer bees
  6 crimson imps
  43 orc wizards
  39 orc priests
  4 giant frog skeletons
  15 two-headed ogre zombies (Orc:1)
  3 giant frog zombies
  6 gnoll shamans (Bailey)
  6 hounds
  A basilisk skeleton (Crypt:2)
  4 centaur skeletons
  3 iron imps (Hell)
  6 iguanas
  A killer bee zombie (D:9)
  8 worker ants
  6 hell rats (Lair:6)
  25 sheep
  A tengu zombie (Crypt:2)
  A mottled dragon zombie (Crypt:1)
  14 mummies
  2 hound zombies
  A hound skeleton (D:8)
  21 adders
  43 river rats
  27 gnolls
  8 shadow imps
  A steam dragon skeleton (Crypt:2)
  12 white imps
  2 ufetubi
  3 oozes
  An adder zombie (D:7)
  2 worms
  2 adder skeletons
  3 giant geckos
  220 orcs
  2 ball pythons
  3 giant cockroaches
  10 goblins
  8 hobgoblins
  6 jackals
  11 kobolds
  8 quokkas
  A ball python zombie (Crypt:1)
  4 bats
  A giant cockroach zombie (D:6)
  3 giant newts
  A goblin zombie (Crypt:1)
  A jackal skeleton (D:6)
  A kobold zombie (Crypt:2)
  An orc skeleton (Crypt:2)
  A quokka skeleton (D:5)
  A quokka zombie (D:7)
  20 rats
  A crawling corpse (Elf:3)
  3 fire vortices
  3 fungi (Lair:7)
  4 lost souls
  A plant (Lair:7)
  2 starspawn tentacles (Abyss:4)
  A tentacle (Shoals:4)
3175 creatures vanquished.

Vanquished Creatures (others)
  A lich (Vaults:5)
  An eldritch tentacle (Tomb:1)
  A shadow dragon (Vaults:5)
  A large abomination (Vaults:5)
  A fire giant (Depths:1)
  The ghost of MixedWithMadness the Peltast, a journeyman DDFi of Qazlal (Depths:2)
  An ironheart preserver (Vaults:5)
  A small abomination (Vaults:5)
  A deep elf demonologist (Vaults:2)
  A merfolk avatar (Shoals:4)
  A deep elf knight (Vaults:1)
  A shadow demon (Abyss:4)
  A wizard (Vaults:2)
  2 death scarabs (Tomb:1)
  A vault sentinel (Vaults:5)
  A guardian mummy (Tomb:1)
  A freezing wraith (Vaults:2)
  A blink frog (shapeshifter) (Vaults:5)
  A bog body (Zig:5)
  A water elemental (Depths:3)
  A deep elf fighter (Vaults:5)
  An air elemental (Depths:3)
  A hell hound (Abyss:4)
  2 orc warriors
  A boggart (Depths:1)
  A gnoll sergeant (Bailey)
  A starcursed mass (Abyss:4)
  A gnoll (Bailey)
  2 orcs
  A bush (Shoals:4)
  146 eldritch tentacle segments (Tomb:1)
  3 fire vortices (Vaults:2)
  24 fungi
  8 lost souls
  A lurking horror (Abyss:1)
  24 plants
  7 starspawn tentacles
  88 starspawn tentacle segments
  7 tentacles
  46 tentacle segments (Shoals:4)
387 creatures vanquished.

Grand Total: 3562 creatures vanquished

Notes
Turn   | Place    | Note
--------------------------------------------------------------
     0 | D:1      | Starve the Demonspawn Assassin began the quest for the Orb.
     0 | D:1      | Reached XP level 1. HP: 16/16 MP: 1/1
    81 | D:1      | Gained mutation: You have a pair of small antennae on your head. [demonic ancestry]
    81 | D:1      | Reached XP level 2. HP: 9/22 MP: 2/2
   306 | D:1      | Reached skill level 4 in Stealth
   709 | D:2      | Reached XP level 3. HP: 28/28 MP: 3/3
   963 | D:2      | Gained mutation: You are partially covered in sharp spines. [demonic ancestry]
   963 | D:2      | Reached XP level 4. HP: 32/34 MP: 4/4
  1415 | D:3      | Reached XP level 5. HP: 39/41 MP: 5/5
  1774 | D:3      | Found a radiant altar of Vehumet.
  1926 | D:3      | Reached skill level 5 in Stealth
  2230 | D:4      | Gained mutation: You have a pair of antennae on your head. [demonic ancestry]
  2230 | D:4      | Reached XP level 6. HP: 36/47 MP: 6/6
  2275 | D:4      | Found a basalt altar of Yredelemnul.
  2295 | D:4      | Noticed a centaur
  2325 | D:5      | Entered Level 5 of the Dungeon
  2556 | D:5      | Reached skill level 6 in Stealth
  2556 | D:5      | Reached XP level 7. HP: 46/53 MP: 7/7
  2561 | D:5      | Gained mutation: Your body sometimes deteriorates upon taking damage. [mutagenic meat]
  2562 | D:5      | Gained mutation: You can translocate small distances at will. [mutagenic meat]
  2563 | D:5      | Gained mutation: Your flesh is cold resistant. [mutagenic meat]
  2564 | D:5      | Gained mutation: You expend magic power (3 MP) to strengthen your wands. [mutagenic meat]
  2565 | D:5      | Gained mutation: You are resistant to hostile enchantments. [mutagenic meat]
  2580 | D:5      | Found a bloodstained altar of Trog.
  2725 | D:5      | Noticed Menkaure
  2739 | D:5      | Killed Menkaure
  2820 | D:5      | Got a shimmering chain mail
  2832 | D:5      | Identified the +8 chain mail of Contentment {rC- rN+ MP+9 Int+4} (You found it on level 5 of the Dungeon)
  3302 | D:6      | Reached skill level 5 in Short Blades
  3347 | D:6      | Noticed a yak
  3348 | D:6      | Noticed a yak
  3349 | D:6      | Noticed a yak
  3350 | D:6      | Noticed a yak
  3357 | D:6      | Noticed a yak
  3358 | D:6      | Killed a yak
  3364 | D:6      | Killed a yak
  3364 | D:6      | Reached skill level 7 in Stealth
  3364 | D:6      | Reached XP level 8. HP: 48/61 MP: 8/8
  3366 | D:6      | Noticed a yak
  3369 | D:6      | Killed a yak
  3371 | D:6      | Killed a yak
  3372 | D:6      | Killed a yak
  3374 | D:6      | Killed a yak
  3374 | D:6      | Reached skill level 5 in Fighting
  3421 | D:6      | Noticed Duvessa
  3438 | D:6      | Reached skill level 8 in Stealth
  3464 | D:6      | Noticed Dowan
  3464 | D:6      | Killed Duvessa
  3576 | D:6      | Killed Dowan
  3690 | D:6      | Found a staircase to the Ecumenical Temple.
  3707 | Temple   | Entered the Ecumenical Temple
  3924 | Temple   | Became a worshipper of Ashenzari the Shackled
  3967 | D:6      | Gained mutation: You are partially covered in rugged brown scales (AC +1, +3% HP). [demonic ancestry]
  3967 | D:6      | Reached XP level 9. HP: 63/70 MP: 9/9
  4117 | D:6      | Found a shimmering altar of Xom.
  4118 | D:6      | Found a burning altar of Makhleb.
  4488 | D:7      | Found a runed door.
  4607 | D:7      | Found a runed door.
  4842 | D:7      | Reached skill level 1 in Armour
  4966 | D:7      | Found a sacrificial altar of Ru.
  5095 | D:7      | Found a stormy altar of Qazlal.
  5100 | D:7      | Found an ancient bone altar of Kikubaaqudgha.
  5327 | D:8      | Found a snail-covered altar of Cheibriados.
  5510 | D:8      | Reached * piety under Ashenzari
  5557 | D:8      | Found a glowing golden altar of the Shining One.
  5695 | D:8      | Learned a level 5 spell: Silence
  6168 | D:9      | Noticed Maurice
  6198 | D:9      | Killed Maurice
  6198 | D:9      | Gained mutation: When hurt, damage is shared between your health and your magic reserves. [demonic ancestry]
  6198 | D:9      | Reached XP level 10. HP: 73/79 MP: 10/10
  6458 | D:9      | Reached ** piety under Ashenzari
  6472 | D:9      | Reached skill level 1 in Long Blades
  6754 | D:9      | Found a white marble altar of Elyvilon.
  6836 | D:9      | Found a deep blue altar of Sif Muna.
  6880 | D:10     | Entered Level 10 of the Dungeon
  6937 | D:10     | Found a staircase to the Lair.
  6959 | D:10     | Reached skill level 5 in Armour
  7391 | D:10     | Noticed a hill giant
  7399 | D:10     | Killed a hill giant
  7399 | D:10     | Reached skill level 1 in Shields
  7535 | D:11     | Noticed a red ugly thing
  7592 | D:12     | Noticed an orc knight
  7613 | D:12     | Killed an orc knight
  7689 | D:12     | Reached *** piety under Ashenzari
  7968 | D:12     | Reached skill level 5 in Long Blades
  8024 | D:12     | Noticed a manticore
  8085 | D:12     | Gained mutation: You are mostly covered in sharp spines. [demonic ancestry]
  8085 | D:12     | Reached XP level 11. HP: 42/88 MP: 11/11
  8251 | D:12     | Found a roughly hewn altar of Beogh.
  8251 | D:12     | Found a staircase to the Orcish Mines.
  8529 | D:12     | Reached **** piety under Ashenzari
  8585 | D:12     | Killed a manticore
  8666 | D:11     | Noticed Harold
  8693 | D:11     | Killed Harold
  9181 | D:11     | Noticed a purple ugly thing
  9252 | D:12     | Killed a cyan ugly thing
  9276 | D:11     | Killed a red ugly thing
  9276 | D:11     | Reached skill level 9 in Fighting
  9805 | Lair:1   | Entered Level 1 of the Lair of Beasts
  9977 | Lair:1   | Noticed Sonja
 10203 | Lair:2   | Reached ***** piety under Ashenzari
 10653 | Lair:3   | Reached skill level 1 in Dodging
 10761 | Lair:3   | Reached XP level 12. HP: 98/98 MP: 12/12
 11032 | Lair:3   | Found a staircase to the Shoals.
 11045 | Lair:3   | Noticed a seven-headed hydra
 11175 | Lair:4   | Reached skill level 10 in Fighting
 12018 | Lair:3   | Reached skill level 5 in Dodging
 12062 | Lair:4   | Reached skill level 11 in Fighting
 12299 | Lair:5   | Noticed a seven-headed hydra
 12649 | Lair:5   | Gained mutation: You possess an exceptional clarity of mind. [potion of mutation]
 12649 | Lair:5   | Gained mutation: You are dopey. (Int -2) [potion of mutation]
 12649 | Lair:5   | Gained mutation: You evolve. [potion of mutation]
 12679 | Lair:5   | Gained mutation: You have a pair of large antennae on your head (SInv). [demonic ancestry]
 12679 | Lair:5   | Reached XP level 13. HP: 109/109 MP: 13/13
 12848 | Lair:6   | Found a staircase to the Snake Pit.
 12951 | Lair:6   | Reached ****** piety under Ashenzari
 14194 | Lair:6   | You fall through a shaft for 2 floors!
 14194 | Lair:8   | Entered Level 8 of the Lair of Beasts
 14222 | Lair:8   | Noticed a dire elephant
 14245 | Lair:8   | Killed a dire elephant
 14252 | Lair:8   | Lost mutation: Your body sometimes deteriorates upon taking damage. [evolution]
 14334 | Lair:8   | Noticed Snorg
 14347 | Lair:8   | Found a viscous altar of Jiyva.
 14350 | Lair:8   | Found a staircase to the Slime Pits.
 14418 | Lair:8   | Reached skill level 12 in Fighting
 14648 | Lair:8   | Noticed Kirke
 14952 | Lair:8   | Found a burning altar of Makhleb.
 15027 | Lair:8   | Found a gateway to Hell.
 15028 | Lair:8   | Identified the +8 morningstar "Osashroet" {venom, -Tele rElec rPois}
 15272 | Lair:8   | Learned a level 6 spell: Deflect Missiles
 15295 | Lair:8   | Noticed a dire elephant
 15312 | Lair:8   | Killed a dire elephant
 15408 | Lair:8   | Killed Kirke
 15408 | Lair:8   | Reached skill level 10 in Armour
 15408 | Lair:8   | Gained mutation: You are mostly covered in rugged brown scales (AC +2, +5% HP). [demonic ancestry]
 15408 | Lair:8   | Reached XP level 14. HP: 98/121 MP: 14/14
 15479 | Lair:8   | Killed Snorg
 16242 | Orc:1    | Entered Level 1 of the Orcish Mines
 16526 | Orc:1    | Identified the +9 dagger "Viteg" {freeze, Dex+6}
 16813 | Orc:2    | Found a roughly hewn altar of Beogh.
 16826 | Orc:2    | Noticed Gastronok
 16848 | Orc:2    | Killed Gastronok
 17060 | Orc:3    | Found Puste's Food Shop.
 17094 | Orc:3    | Found a flagged portal.
 17105 | Bailey   | Entered a bailey
 17224 | Bailey   | Noticed azazzel4ik's ghost (novice HEAE)
 17242 | Bailey   | Killed azazzel4ik's ghost
 17242 | Bailey   | Reached skill level 13 in Fighting
 17276 | Bailey   | Identified a scroll of acquirement
 17501 | Orc:3    | Bought a meat ration for 65 gold pieces
 17501 | Orc:3    | Bought a bread ration for 65 gold pieces
 17501 | Orc:3    | Bought 2 fruits for 39 gold pieces
 17501 | Orc:3    | Bought a meat ration for 65 gold pieces
 17501 | Orc:3    | Bought a beef jerky for 19 gold pieces
 17501 | Orc:3    | Bought a beef jerky for 19 gold pieces
 17501 | Orc:3    | Bought a bread ration for 65 gold pieces
 17501 | Orc:3    | Bought a slice of pizza for 19 gold pieces
 17501 | Orc:3    | Bought a bread ration for 65 gold pieces
 17501 | Orc:3    | Bought a meat ration for 65 gold pieces
 17501 | Orc:3    | Bought a bread ration for 65 gold pieces
 17532 | Orc:3    | Found Taluth's Weapon Shop.
 17738 | Orc:3    | Found Utaxt's Gadget Emporium.
 17902 | Orc:3    | Noticed Josephine
 17919 | Orc:3    | Killed Josephine
 18039 | Orc:4    | Entered Level 4 of the Orcish Mines
 18039 | Orc:4    | Found Jucyl Iwn's Food Boutique.
 18186 | Orc:4    | Found a staircase to the Elven Halls.
 18249 | Elf:1    | Entered Level 1 of the Elven Halls
 18584 | Elf:1    | Noticed KrozogBurug's ghost (journeyman OgWz)
 18606 | Elf:1    | Noticed Frances
 18983 | Elf:1    | Noticed Asterion
 19220 | Elf:1    | Found a radiant altar of Vehumet.
 19220 | Elf:1    | Noticed Louise
 19276 | Orc:3    | Found Nuorown's General Store.
 19355 | Orc:3    | Bought a scroll of fear for 49 gold pieces
 19355 | Orc:3    | Bought a scroll of enchant armour for 105 gold pieces
 19550 | Orc:1    | Found Ciobryiph's Armour Shoppe.
 19599 | Orc:1    | Bought a +0 pair of boots for 72 gold pieces
 19604 | Orc:1    | Gained mutation: Your system is resistant to poisons. [evolution]
 19700 | Orc:2    | Found Oloovuod's Quality Used Wands.
 19702 | Orc:2    | Noticed Rupert
 19738 | Orc:2    | Killed Rupert
 19738 | Orc:2    | Reached skill level 10 in Dodging
 20196 | Orc:2    | You fall through a shaft!
 20619 | Orc:4    | Noticed an orc warlord
 20883 | Orc:3    | Killed an orc warlord
 20883 | Orc:3    | Reached XP level 15. HP: 88/131 MP: 15/15
 21254 | Orc:4    | Found Ceul's General Store.
 21255 | Orc:4    | Found Izosch's Jewellery Boutique.
 21256 | Orc:4    | Found Cosix's Antique Armour Shop.
 21256 | Orc:4    | Found Yrepp's Antique Weapon Shop.
 21260 | Orc:4    | Bought a pair of distressingly furry gloves for 332 gold pieces
 21260 | Orc:4    | Identified the +0 pair of gloves of Gexkimo {rElec Str+3 Int+6} (You bought it in a shop on level 4 of the Orcish Mines)
 21260 | Orc:4    | Bought a translucent shield for 332 gold pieces
 21260 | Orc:4    | Identified the cursed +0 shield of Negation {Int+3} (You bought it in a shop on level 4 of the Orcish Mines)
 21260 | Orc:4    | Bought a runed cloak for 157 gold pieces
 21271 | Orc:4    | Bought an uncursed amulet of resist corrosion for 320 gold pieces
 21281 | Orc:4    | Bought a polished morningstar for 243 gold pieces
 21281 | Orc:4    | Identified the cursed +1 morningstar "Secuyto" {vamp, rElec rN+ MR- Dex+3} (You bought it in a shop on level 4 of the Orcish Mines)
 21281 | Orc:4    | Bought a twisted morningstar for 243 gold pieces
 21281 | Orc:4    | Identified the +8 morningstar of Calamity {crush, +Inv rElec} (You bought it in a shop on level 4 of the Orcish Mines)
 21517 | D:13     | Found a gate to the Vaults.
 21943 | D:13     | Reached skill level 5 in Maces & Flails
 22084 | D:14     | Found Limael's Assorted Antiques.
 22106 | D:14     | Bought an orange potion for 24 gold pieces
 22106 | D:14     | Bought a scroll of identify for 54 gold pieces
 22106 | D:14     | Bought a scroll of fog for 54 gold pieces
 22753 | D:15     | Entered Level 15 of the Dungeon
 22777 | D:15     | Found Bonwamos's Antique Weapon Boutique.
 23246 | D:15     | Reached skill level 10 in Maces & Flails
 23520 | D:15     | Found a staircase to the Depths.
 23981 | D:12     | Noticed a hill giant
 23991 | D:12     | Killed a hill giant
 24473 | Lair:1   | Killed Sonja
 24473 | Lair:1   | Reached skill level 14 in Fighting
 24473 | Lair:1   | Reached skill level 1 in Spellcasting
 24585 | Lair:3   | Killed a seven-headed hydra
 24708 | Lair:3   | Gained mutation: You rapidly evolve. [evolution]
 24943 | Snake:1  | Entered Level 1 of the Snake Pit
 25082 | Snake:1  | Reached XP level 16. HP: 70/139 MP: 6/19
 25831 | Snake:2  | Reached skill level 5 in Shields
 26474 | Snake:2  | Learned a level 6 spell: Haste
 26760 | Snake:3  | Reached skill level 5 in Spellcasting
 27316 | Snake:3  | Reached skill level 15 in Fighting
 28285 | Snake:4  | Entered Level 4 of the Snake Pit
 28457 | Snake:4  | Found Lir Nutoo's Jewellery Emporium.
 28491 | Snake:4  | Reached XP level 17. HP: 113/149 MP: 27/27
 28836 | Snake:4  | Gained mutation: Your natural rate of healing is unusually fast. [evolution]
 29023 | Snake:4  | Noticed Vashnia
 29548 | Snake:4  | Reached skill level 16 in Fighting
 29698 | Snake:4  | Killed Vashnia
 30085 | Snake:4  | Learned a level 3 spell: Regeneration
 30090 | Snake:4  | Learned a level 4 spell: Control Undead
 30122 | Snake:4  | Gained mutation: You can spit weak poison. [evolution]
 30142 | Snake:4  | Got a serpentine rune of Zot
 30478 | Snake:1  | Reached skill level 10 in Shields
 30927 | Lair:5   | Killed a seven-headed hydra
 30927 | Lair:5   | Gained mutation: You regenerate magic rapidly. [demonic ancestry]
 30927 | Lair:5   | Reached XP level 18. HP: 152/160 MP: 31/31
 30977 | Shoals:1 | Entered Level 1 of the Shoals
 30977 | Shoals:1 | Found a frozen archway.
 31122 | IceCv    | Entered an ice cave
 31568 | Shoals:1 | Identified the +2 spear "Lysinuhibu" {distort, +Inv MR+ Int-3}
 32456 | Shoals:2 | Reached skill level 1 in Air Magic
 32586 | Shoals:2 | Reached skill level 1 in Charms
 33330 | Shoals:3 | Learned a level 1 spell: Apportation
 33337 | Shoals:3 | Learned a level 6 spell: Invisibility
 33377 | Shoals:4 | Entered Level 4 of the Shoals
 33411 | Shoals:4 | Identified the amulet of Wofruz {Faith Int+4 Stlth+}
 33438 | Shoals:4 | Gained mutation: You can spit poison. [evolution]
 33616 | Shoals:4 | Identified the ring "Dacwias" {rF+ rN+ MR- Dex+2} (You took it off a merfolk on level 4 of the Shoals)
 33837 | Shoals:4 | Reached skill level 10 in Spellcasting
 34207 | Shoals:4 | Noticed Ilsuiw
 34316 | Shoals:4 | Killed Ilsuiw
 34316 | Shoals:4 | Gained mutation: Your flesh is very cold resistant. [demonic ancestry]
 34316 | Shoals:4 | Reached XP level 19. HP: 89/166 MP: 29/33
 34876 | Shoals:4 | Got a barnacled rune of Zot
 34968 | Shoals:1 | Reached skill level 5 in Air Magic
 35196 | Vaults:1 | Entered Level 1 of the Vaults
 35621 | Vaults:1 | Reached skill level 5 in Charms
 35624 | Vaults:1 | Noticed Jorgrun
 35916 | Vaults:1 | Reached skill level 17 in Fighting
 36412 | Vaults:1 | Gained mutation: Your spells are a little harder to cast, but a little more powerful. [evolution]
 36477 | Vaults:1 | Killed Jorgrun
 36801 | Vaults:2 | Identified the +3 great mace "Sodoucs" {crush, rN+ Int+2}
 36810 | Vaults:2 | Noticed Agnes
 37308 | Vaults:3 | Found a staircase to the Crypt.
 37708 | Vaults:3 | Killed Agnes
 38389 | Vaults:4 | Gained mutation: You are immune to freezing clouds. [demonic ancestry]
 38389 | Vaults:4 | Reached XP level 20. HP: 156/176 MP: 35/35
 38519 | Vaults:4 | Found a flickering gateway to a bazaar.
 38528 | Bazaar   | Entered a bazaar
 38528 | Bazaar   | Found Tackeuc's Assorted Antiques.
 38528 | Bazaar   | Found Xeonacw's Antique Weapon Shop.
 38528 | Bazaar   | Found Iwomp's Jewellery Shoppe.
 38530 | Bazaar   | Found Leniacu's Food Emporium.
 38593 | Bazaar   | Bought a beef jerky for 13 gold pieces
 38593 | Bazaar   | Bought a bread ration for 45 gold pieces
 38593 | Bazaar   | Bought a bread ration for 45 gold pieces
 38593 | Bazaar   | Bought a meat ration for 45 gold pieces
 38593 | Bazaar   | Bought a bread ration for 45 gold pieces
 38593 | Bazaar   | Bought 4 fruits for 54 gold pieces
 38593 | Bazaar   | Bought a bread ration for 45 gold pieces
 38593 | Bazaar   | Bought a meat ration for 45 gold pieces
 38593 | Bazaar   | Bought a meat ration for 45 gold pieces
 38593 | Bazaar   | Bought a slice of pizza for 13 gold pieces
 38593 | Bazaar   | Bought a meat ration for 45 gold pieces
 38593 | Bazaar   | Bought a meat ration for 45 gold pieces
 38596 | Bazaar   | Bought an uncursed amulet of resist mutation for 520 gold pieces
 40031 | Crypt:1  | Entered Level 1 of the Crypt
 40129 | Crypt:2  | Noticed Frederick
 40374 | Crypt:1  | Gained mutation: You are agile. (Dex +2) [evolution]
 40573 | Crypt:1  | Noticed a greater mummy
 40597 | Crypt:1  | Killed a greater mummy
 40784 | Crypt:3  | Entered Level 3 of the Crypt
 41174 | Crypt:3  | Learned a level 8 spell: Controlled Blink
 41230 | Crypt:3  | Reached skill level 10 in Air Magic
 41539 | Crypt:3  | Found a staircase to the Tomb.
 41591 | Crypt:3  | Identified a +3 rod of shadows (12/12)
 41613 | Crypt:3  | Learned a level 5 spell: Phase Shift
 41676 | Crypt:3  | Identified the amulet "Oshueb" {Faith rElec rF+ SInv}
 41956 | Crypt:3  | Gained mutation: You are completely covered in rugged brown scales (AC +3, +7% HP). [demonic ancestry]
 41956 | Crypt:3  | Reached XP level 21. HP: 133/188 MP: 38/38
 42202 | Crypt:3  | Identified the cursed +0 ring mail of Cokuqer {Stlth+}
 42736 | Crypt:3  | Reached skill level 10 in Charms
 43950 | Crypt:2  | Reached skill level 18 in Fighting
 44086 | Crypt:2  | Gained mutation: You can exhale a cloud of poison. [evolution]
 45241 | Vaults:2 | Found a basalt altar of Yredelemnul.
 45647 | Elf:1    | Found a gateway to a bazaar.
 45661 | Bazaar   | Entered a bazaar
 45661 | Bazaar   | Found Agoarches's Distillery.
 45661 | Bazaar   | Found Qedd's General Store.
 45661 | Bazaar   | Found Gysudoes's Antique Armour Emporium.
 45663 | Bazaar   | Found Kuawuzxym's Assorted Antiques.
 45669 | Bazaar   | Bought a scroll of silence for 67 gold pieces
 45669 | Bazaar   | Bought a scroll of fog for 18 gold pieces
 45675 | Bazaar   | Bought a pair of shimmering gloves for 228 gold pieces
 45675 | Bazaar   | Identified the +1 pair of gloves "Naidarov" {rN+} (You bought it in a shop in a bazaar)
 45675 | Bazaar   | Bought a wizard robe for 136 gold pieces
 45675 | Bazaar   | Identified the cursed +0 robe of the Known World {-Cast rN+ Dex+3 Stlth+} (You bought it in a shop in a bazaar)
 45675 | Bazaar   | Bought a polished leather armour for 168 gold pieces
 45675 | Bazaar   | Identified the +1 leather armour of the Accordion {Regen+} (You bought it in a shop in a bazaar)
 45675 | Bazaar   | Bought the +4 moon troll leather armour {Spirit, Regen++ MP+5} for 1056 gold pieces
 45678 | Bazaar   | Bought a scroll of enchant weapon for 142 gold pieces
 45678 | Bazaar   | Bought a scroll of remove curse for 57 gold pieces
 45684 | Bazaar   | Bought a potion of invisibility for 88 gold pieces
 45684 | Bazaar   | Bought a potion of might for 44 gold pieces
 45684 | Bazaar   | Bought a potion of heal wounds for 55 gold pieces
 45684 | Bazaar   | Bought a potion of agility for 44 gold pieces
 45684 | Bazaar   | Bought a potion of might for 44 gold pieces
 45684 | Bazaar   | Bought 2 potions of flight for 66 gold pieces
 45684 | Bazaar   | Bought a potion of haste for 110 gold pieces
 45684 | Bazaar   | Bought a potion of agility for 44 gold pieces
 45684 | Bazaar   | Bought a potion of agility for 44 gold pieces
 45705 | Elf:1    | Killed Asterion
 45803 | Elf:1    | Killed Louise
 45803 | Elf:1    | Identified the -8 large shield of Givuraj {Slay+5} (You took it off Louise on level 1 of the Elven Halls)
 45833 | Elf:1    | Killed Frances
 46029 | Elf:1    | Killed KrozogBurug's ghost
 46039 | Elf:1    | Identified the Incunabulum of Arcane Weapons
 46372 | Elf:2    | Found a magical portal.
 46384 | WizLab   | Entered Wucad Mu's Monastery
 46523 | WizLab   | Reached XP level 22. HP: 181/196 MP: 40/40
 46696 | Elf:2    | Lost mutation: You are dopey. (Int -2) [potion of beneficial mutation]
 47031 | Elf:2    | Found Ycvepsoonk's Distillery.
 47039 | Elf:2    | Bought a potion of cure mutation for 595 gold pieces
 47039 | Elf:2    | Bought 2 potions of haste for 340 gold pieces
 47039 | Elf:2    | Bought a potion of curing for 51 gold pieces
 47039 | Elf:2    | Bought a potion of agility for 68 gold pieces
 47039 | Elf:2    | Bought 2 potions of might for 136 gold pieces
 47039 | Elf:2    | Bought a potion of agility for 68 gold pieces
 47039 | Elf:2    | Bought a potion of invisibility for 136 gold pieces
 47083 | Elf:2    | Gained mutation: You are completely covered in sharp spines. [demonic ancestry]
 47083 | Elf:2    | Reached XP level 23. HP: 204/204 MP: 41/41
 47160 | Elf:2    | Found a runed gate.
 47163 | Elf:2    | Found a runed gate.
 47163 | Elf:2    | Found a runed gate.
 47391 | Elf:3    | Entered Level 3 of the Elven Halls
 48758 | Elf:3    | Identified a +5 rod of inaccuracy (8/14) (You took it off a deep elf annihilator on level 3 of the Elven Halls)
 48847 | Elf:3    | Identified the ring "Raikigro" {rElec AC+1} (You took it off a deep elf high priest on level 3 of the Elven Halls)
 48855 | Elf:3    | Cast into the Abyss (a ghostly deep elf sorcerer)
 48949 | Elf:3    | Escaped the Abyss
 48983 | Elf:3    | Identified the cursed +3 blowgun "Hiypoes" {evade, rElec rC- SInv}
 49004 | Elf:3    | Identified the +11 long sword of the Ancient Eyes {venom, Dex+2} (You took it off a deep elf death mage on level 3 of the Elven Halls)
 49028 | Elf:3    | Identified the Guide on Transmutation (You found it on level 3 of the Elven Halls)
 49052 | Elf:3    | Learned a level 2 spell: Blink
 49097 | Elf:3    | Identified the ring of Enedas {MR+ Dex+2}
 49133 | Elf:3    | Identified the +1 leather armour "Ralesm" {Regen+ Dex+2}
 49501 | Depths:1 | Entered Level 1 of the Depths
 49523 | Depths:1 | Found a gateway to a ziggurat.
 49545 | Depths:1 | Reached skill level 15 in Spellcasting
 49967 | Depths:1 | Found a one-way gate to the infinite horrors of the Abyss.
 50057 | Depths:1 | Found Nuewusab's Weapon Shop.
 50103 | Depths:1 | Found Zoyxia's Gadget Boutique.
 50266 | Depths:1 | Found Ifaecewa's One-of-a-Kind Books.
 50312 | Depths:1 | Found Ohucseimp's Assorted Antiques.
 50320 | Depths:1 | Bought 3 scrolls of teleportation for 216 gold pieces
 50320 | Depths:1 | Bought a scroll of blinking for 180 gold pieces
 50320 | Depths:1 | Bought a potion of agility for 96 gold pieces
 50320 | Depths:1 | Bought a scroll of magic mapping for 84 gold pieces
 50349 | Depths:1 | Found Soqidol's Armour Shoppe.
 50808 | Depths:2 | Found a one-way gate leading to the halls of Pandemonium.
 50835 | Depths:2 | Noticed MixedWithMadness's ghost (journeyman DDFi)
 50867 | Depths:2 | Killed MixedWithMadness's ghost
 51026 | Depths:2 | Identified the ring "Mekes" {Wiz rPois rF+} (You took it off a tengu warrior on level 2 of the Depths)
 51436 | Depths:2 | Identified the cursed +0 robe of the Lobster {Str-3 Dex+4} (You took it off a yaktaur on level 2 of the Depths)
 51699 | Depths:2 | Reached skill level 1 in Hexes
 51897 | Depths:2 | Reached XP level 24. HP: 197/212 MP: 42/42
 52082 | Depths:2 | Reached skill level 1 in Translocations
 53207 | Depths:3 | Reached skill level 19 in Fighting
 53294 | Depths:3 | Reached skill level 5 in Translocations
 53602 | Depths:4 | Noticed Mara
 53616 | Depths:4 | Noticed Starve's illusion
 53833 | Depths:4 | Identified the +4 chain mail "Putepol" {+Blink}
 53836 | Depths:4 | Noticed Starve's illusion
 53893 | Depths:4 | Noticed Xtahua
 53981 | Depths:4 | Noticed Starve's illusion
 53990 | Depths:4 | Killed Mara
 54074 | Depths:4 | Killed Xtahua
 54284 | Depths:4 | Noticed Sojobo
 54361 | Depths:4 | Found a deep blue altar of Sif Muna.
 54408 | Depths:4 | Killed Sojobo
 54558 | Depths:4 | Gained mutation: A frigid envelope surrounds you and freezes all who hurt you. [demonic ancestry]
 54558 | Depths:4 | Reached XP level 25. HP: 168/222 MP: 44/44
 54688 | Depths:4 | Lost mutation: You expend magic power (3 MP) to strengthen your wands. [evolution]
 54898 | Depths:4 | Reached skill level 15 in Armour
 55337 | Depths:5 | Entered Level 5 of the Depths
 55930 | Depths:5 | Identified the +11 broad axe "Orionwac" {flame, Str+2}
 56136 | Depths:5 | Found a gate to the Realm of Zot.
 56142 | Depths:5 | Reached skill level 1 in Axes
 56325 | Depths:5 | Noticed Margery
 56346 | Depths:5 | Killed Margery
 56386 | Depths:5 | Reached skill level 5 in Axes
 56980 | Vaults:5 | Entered Level 5 of the Vaults
 57249 | Vaults:5 | Reached skill level 10 in Axes
 57329 | Vaults:5 | Reached XP level 26. HP: 232/232 MP: 44/44
 57446 | Vaults:5 | Identified the ring "Myta Fal" {*Drain rElec rN+ MP+9 Str+6} (You took it off a yaktaur on level 5 of the Vaults)
 57702 | Vaults:5 | Got a silver rune of Zot
 57783 | Vaults:5 | Identified the +2 quarterstaff of Duackaak {crush, *Rage rF+ Int+12 Dex+4}
 58004 | Vaults:5 | Identified the +1 ring mail of the Alphagorgon {rElec rPois Dex+3}
 58033 | Vaults:5 | Identified the Reference Book on Flamy Arcane Weapons
 58181 | Vaults:5 | Identified the +6 scale mail of Ziusm {+Blink} (You took it off a vault guard on level 5 of the Vaults)
 58478 | Vaults:5 | Identified the ring of the Will of the Gods {*Corrode rPois Dex+10 Stlth+} (You took it off a yaktaur on level 5 of the Vaults)
 59429 | Slime:1  | Entered Level 1 of the Pits of Slime
 59523 | Slime:5  | Reached skill level 20 in Fighting
 59578 | Slime:6  | Entered Level 6 of the Pits of Slime
 59818 | Slime:6  | Noticed the royal jelly
 59840 | Slime:6  | Killed the royal jelly
 59841 | Slime:6  | Identified the ring "Jyucejis" {+Inv rC+ MP+9 Str+4 Int+3}
 59841 | Slime:6  | Identified the +2 scale mail of Hysteria {MR+ Dex+3}
 59890 | Slime:6  | Identified the +7 long sword "Ludippudo" {speed, Dex+3}
 60036 | Slime:6  | Got a slimy rune of Zot
 60172 | Slime:4  | Noticed Dissolution
 60541 | Hell     | Entered the Vestibule of Hell
 60541 | Hell     | Noticed Geryon
 60600 | Hell     | Gained mutation: You are occasionally teleported next to monsters. [a cacodemon]
 60921 | Hell     | Killed Geryon
 61164 | Hell     | Found a gateway to the freezing wastes of Cocytus.
 61255 | Hell     | Found a gateway to the decaying netherworld of Tartarus.
 61316 | Hell     | Found a gateway to the ashen valley of Gehenna.
 61370 | Hell     | Found a gateway to the Iron City of Dis.
 61410 | Hell     | Gained mutation: When low on magic, you restore magic in place of health. [demonic ancestry]
 61410 | Hell     | Reached XP level 27. HP: 241/241 MP: 44/44
 61749 | Lair:1   | Lost mutation: Your flesh is very cold resistant. [evolution]
 62047 | Crypt:1  | Gained mutation: Your muscles are strong. (Str +2) [potion of beneficial mutation]
 62852 | Tomb:1   | Entered Level 1 of the Tomb of the Ancients
 63081 | Tomb:1   | Noticed an ancient lich
 63094 | Tomb:1   | Killed an ancient lich
 63180 | Tomb:1   | Reached skill level 21 in Fighting
 63878 | Depths:1 | Voluntarily entered the Abyss.
 64101 | Abyss:1  | Found a sparkling altar of Nemelex Xobeh.
 64248 | Depths:1 | Escaped the Abyss
 64250 | Depths:1 | Voluntarily entered the Abyss.
 64307 | Abyss:3  | Identified the +4 shortbow "Arcanum" {venom, *Corrode rF+++ Int+3}
 64900 | Abyss:4  | Paralysed by accursed screaming for 1 turns
 65016 | Abyss:4  | Paralysed by you for 2 turns
 65058 | Abyss:4  | Got an abyssal rune of Zot
 65173 | Abyss:4  | Paralysed by accursed screaming for 1 turns
 65183 | Depths:1 | Escaped the Abyss
 65490 | Zot:1    | Entered Level 1 of the Realm of Zot
 65651 | Zot:5    | Entered Level 5 of the Realm of Zot
 65666 | Zot:5    | Noticed an ancient lich
 65667 | Zot:5    | Noticed an ancient lich
 65667 | Zot:5    | Noticed an orb of fire
 65668 | Zot:5    | Noticed an orb of fire
 65668 | Zot:5    | Noticed an orb of fire
 65675 | Zot:5    | Gained mutation: Scrolls take you a little longer to read. [an orb of fire]
 65678 | Zot:5    | Noticed an ancient lich
 65701 | Zot:5    | Lost mutation: Your natural rate of healing is unusually fast. [an orb of fire]
 65851 | Zot:4    | Gained mutation: Potions and wands are less effective at restoring your health. [mutagenic glow]
 65998 | Zot:4    | Reached skill level 15 in Dodging
 66022 | Zot:4    | Reached skill level 22 in Fighting
 66637 | Zot:4    | Reached skill level 10 in Translocations
 67125 | Zot:3    | Identified the cursed +1 shield "Himoq" {-Tele +Inv rCorr Int+3} (You acquired it on level 3 of the Realm of Zot)
 67185 | Zot:3    | Identified the +4 morningstar "Sustrir" {freeze, rPois}
 67212 | Zot:3    | Lost mutation: Scrolls take you a little longer to read. [mutagenic meat]
 67216 | Zot:3    | Lost mutation: Your muscles are strong. (Str +2) [mutagenic meat]
 67662 | Zot:2    | Lost mutation: Your system is resistant to poisons. [evolution]
 69528 | Zig:1    | Entered Level 1 of a ziggurat
 69528 | Zig:1    | Identified the cursed +0 ring mail of Pragmatism {rF+++}
 69532 | Zig:1    | Reached skill level 23 in Fighting
 69541 | Zig:2    | Entered Level 2 of a ziggurat
 69541 | Zig:2    | Identified the ring "Acwyp" {*Drain *Confuse +Inv Int+4 Dex+10}
 69559 | Zig:3    | Entered Level 3 of a ziggurat
 69586 | Zig:4    | Entered Level 4 of a ziggurat
 69627 | Zig:5    | Entered Level 5 of a ziggurat
 69627 | Zig:5    | Identified a +0 rod of shadows (11/11)
 69630 | Zig:5    | Identified the ring "Goolut" {Fire Int+2}
 70005 | Zig:6    | Entered Level 6 of a ziggurat
 70044 | Zig:6    | Lost mutation: You are occasionally teleported next to monsters. [potion of cure mutation]
 70044 | Zig:6    | Lost mutation: Your spells are a little harder to cast, but a little more powerful. [potion of cure mutation]
 70044 | Zig:6    | Lost mutation: You are resistant to hostile enchantments. [potion of cure mutation]
 70044 | Zig:6    | Lost mutation: You rapidly evolve. [potion of cure mutation]
 70044 | Zig:6    | Lost mutation: You evolve. [potion of cure mutation]
 70054 | Zig:7    | Entered Level 7 of a ziggurat
 70063 | Zig:7    | Identified the cursed +0 robe "Joojemy" {MR+ Int-2 Dex+10 Stlth+}
 70552 | Elf:2    | Lost mutation: You can translocate small distances at will. [potion of cure mutation]
 70552 | Elf:2    | Lost mutation: You are agile. (Dex +2) [potion of cure mutation]
 70552 | Elf:2    | Lost mutation: You can exhale a cloud of poison. [potion of cure mutation]
 70552 | Elf:2    | Lost mutation: You can spit poison. [potion of cure mutation]
 70724 | D:13     | Gained mutation: You have large cloven feet. [potion of mutation]
 70724 | D:13     | Gained mutation: You are resistant to electric shocks. [potion of mutation]
 70724 | D:13     | Gained mutation: Your system is resistant to poisons. [potion of mutation]
 70725 | D:13     | Gained mutation: Your skin changes colour to match your surroundings (Stealth). [potion of mutation]
 70725 | D:13     | Gained mutation: Your mind is acute. (Int +2) [potion of mutation]
 70725 | D:13     | Gained mutation: You have supernaturally acute eyesight. [potion of mutation]
 71579 | Zot:5    | Killed an orb of fire
 71608 | Zot:5    | Killed an ancient lich
 71669 | Zot:5    | Killed an ancient lich
 72100 | Zot:5    | Killed an orb of fire
 72176 | Zot:5    | Killed an ancient lich
 72335 | Zot:5    | Got the Orb of Zot
 72686 | D:15     | Noticed Ezail the pandemonium lord
 72696 | D:15     | Noticed Mumoifev the pandemonium lord
 72712 | D:15     | Killed Ezail the pandemonium lord
 72788 | D:15     | Gained mutation: You are frail (-10% HP). [mutagenic glow]
 72904 | D:10     | Gained mutation: You are clumsy. (Dex -2) [mutagenic glow]
 73067 | D:1      | Noticed Xiceats the pandemonium lord
 73073 | D:$      | Escaped with the Orb!

Action                   |  1- 3 |  4- 6 |  7- 9 | 10-12 | 13-15 | 16-18 | 19-21 | 22-24 | 25-27 || total
-------------------------+-------+-------+-------+-------+-------+-------+-------+-------+-------++-------
Melee: Dagger            |    97 |    58 |     8 |    67 |       |       |       |       |       ||   230
       Short sword       |       |    47 |   338 |       |       |       |       |       |       ||   385
       Scimitar          |       |       |       |   809 |  1399 |       |       |       |       ||  2208
       Morningstar       |       |       |       |       |   496 |  2123 |  2919 |  1882 |   440 ||  7860
       Broad axe         |       |       |       |       |       |       |       |       |  2760 ||  2760
 Fire: Blowgun           |     9 |     6 |    13 |       |       |       |       |       |       ||    28
Throw: Throwing net      |       |       |       |     3 |    11 |    10 |     7 |     3 |    11 ||    45
 Cast: Haste             |       |       |       |       |       |       |     4 |     5 |    23 ||    32
       Deflect Missiles  |       |       |       |       |       |       |     3 |     4 |     7 ||    14
       Regeneration      |       |       |       |       |       |       |     3 |    10 |    52 ||    65
       Apportation       |       |       |       |       |       |       |     1 |       |       ||     1
       Silence           |       |       |       |       |       |       |       |     1 |     1 ||     2
       Blink             |       |       |       |       |       |       |       |       |     6 ||     6
       Phase Shift       |       |       |       |       |       |       |       |       |     2 ||     2
       Control Undead    |       |       |       |       |       |       |       |       |     2 ||     2
       Controlled Blink  |       |       |       |       |       |       |       |       |     1 ||     1
 Abil: Spit Poison       |       |       |       |       |       |     1 |       |       |       ||     1
       Blink             |       |       |       |       |       |       |     2 |     3 |       ||     5
Evoke: Wand              |       |     2 |     4 |     3 |    14 |    11 |     3 |     8 |    30 ||    75
       Lamp of fire      |       |       |       |       |       |       |       |       |     1 ||     1
       Phial of floods   |       |       |       |       |       |       |       |       |     1 ||     1
  Use: Scroll            |     4 |     7 |    12 |    17 |    26 |    10 |    18 |     5 |    36 ||   135
       Potion            |     1 |     4 |     5 |     6 |     5 |     9 |    13 |     7 |    27 ||    77
 Stab: Sleeping          |     5 |     6 |     2 |     1 |     2 |     1 |     1 |       |     4 ||    22
       Invisible         |       |     2 |    11 |       |       |     5 |    14 |     4 |    11 ||    47
       Confused          |       |     2 |     3 |       |       |       |       |       |       ||     5
       Held in net/web   |       |       |       |     2 |    12 |     5 |     7 |       |    17 ||    43
       Paralysed         |       |       |       |     4 |       |       |       |     2 |       ||     6
       Distracted        |       |       |       |       |     2 |       |     1 |       |     8 ||    11
  Eat: Chunk             |       |     5 |     5 |     6 |    22 |     5 |    18 |    18 |    19 ||    98
       Meat ration       |       |       |     2 |     3 |     1 |     1 |     2 |     1 |    12 ||    22
       Fruit             |       |       |     2 |       |       |     1 |       |     2 |     7 ||    12
       Pizza             |       |       |       |     4 |     6 |     6 |     2 |     2 |     4 ||    24
       Beef jerky        |       |       |       |       |     3 |     8 |     8 |     1 |     6 ||    26
       Royal jelly       |       |       |       |       |     1 |       |     3 |       |     3 ||     7
       Bread ration      |       |       |       |       |       |       |     1 |       |     1 ||     2
